 Dungeon Crawl Stone Soup version 0.31-a0-977-gc230f8ef24 (webtiles) character file.

Game seed: 14424268491071353310

132569 croobank the Fighter (level 16, -6/139 HPs)
             Began as a Demonspawn Ice Elementalist on Oct 29, 2023.
             Was the Champion of Ashenzari.
             Mangled by Louise
             ... wielding a +2 eveningstar of protection
              (14 damage)
             ... on level 3 of the Spider Nest.
             The game lasted 02:32:33 (35108 turns).

croobank the Fighter (Demonspawn Ice Elementalist) Turns: 35108, Time: 02:32:34

Health: -6/139     AC: 11    Str:  9    XL:     16   Next: 57%
Magic:  5/35       EV: 25    Int: 24    God:    Ashenzari [******]
Gold:   2504       SH:  0    Dex: 14    Spells: 18/45 levels left

rFire   . . .        T - +9 dagger "Restrained Chagrin" {freeze, Stlth+, Melee, Self} (curse)
rCold   + . .        F - +0 buckler of Ashenzari's Jealousy {Elem, Bglg} (curse)
rNeg    . . .        K - +0 steam dragon scales "Yoke of Ashenzari" {Self, Bglg} (curse)
rPois   .            y - +0 hat of the Eye in the Sky {Cun, Bglg} (curse)
rElec   .            (cloak unavailable)
rCorr   .            m - +2 pair of gloves "Revealing Stickiness" {Elem, Range} (curse)
SInv    +            r - +2 pair of boots "Gaze Upon Infinity" {Stlth+, Elem, Range} (curse)
Will    +....        G - amulet "Shattered Together" {Regen+, Elem, Melee} (curse)
Stlth   ++++         s - ring "Profound Burden" {rC+, Cun, Melee} (curse)
HPRegen 1.23/turn    Z - ring of the Astral Augur {EV+5, Cun, Comp} (curse)
MPRegen 0.48/turn

%: clarity
@: confused, silenced, ambrosia-drunk
A: demonic guardian 2, magic regeneration, sturdy frame 2, weakness stinger 3
a: Renounce Religion, Shatter the Chains


You were on level 3 of the Spider Nest.
You worshipped Ashenzari.
Ashenzari was exalted by your worship.
You visited 6 branches of the dungeon, and saw 27 of its levels.
You also visited: Sewer.

You collected 2948 gold pieces.
You spent 444 gold pieces at shops.

Inventory:

Hand Weapons
 T - the cursed +9 dagger "Restrained Chagrin" (weapon) {freeze, Stlth+, Melee, Self}
   (You found it on level 11 of the Dungeon)

   Stlth+:    It makes you more stealthy.
   It has a curse which improves the following skills: Melee Combat: Short
   Blades, Long Blades, Axes, Maces & Flails, Polearms, Staves and Unarmed
   Combat.
   Introspection: Fighting and Spellcasting.
Missiles
 j - 11 boomerangs
 l - a throwing net (quivered)
 J - 8 curare-tipped darts
 X - 9 javelins
Armour
 a - a +2 robe of cold resistance
 m - the cursed +2 pair of gloves "Revealing Stickiness" (worn) {Elem, Range}
   (You found it on level 2 of the Dungeon)

   It has a curse which improves the following skills: Elements: Fire Magic, Ice
   Magic, Air Magic and Earth Magic.
   Ranged Combat: Ranged Weapons and Throwing.
 r - the cursed +2 pair of boots "Gaze Upon Infinity" (worn) {Stlth+, Elem, Range}
   (You bought it in a shop on level 4 of the Dungeon)

   It has a curse which improves the following skills: Elements: Fire Magic, Ice
   Magic, Air Magic and Earth Magic.
   Ranged Combat: Ranged Weapons and Throwing.
 u - a +0 kite shield
 w - a +1 robe of willpower
 y - the cursed +0 hat of the Eye in the Sky (worn) {Cun, Bglg}
   (You bought it in a shop on level 2 of the Orcish Mines)

   It has a curse which improves the following skills: Cunning: Dodging and
   Stealth.
   Beguiling: Conjurations, Hexes and Translocations.
 z - a +1 robe of cold resistance
 F - the cursed +0 buckler of Ashenzari's Jealousy (worn) {Elem, Bglg}
   (You found it on level 6 of the Dungeon)

   It has a curse which improves the following skills: Elements: Fire Magic, Ice
   Magic, Air Magic and Earth Magic.
   Beguiling: Conjurations, Hexes and Translocations.
 K - the cursed +0 steam dragon scales "Yoke of Ashenzari" (worn) {Self, Bglg}
   (You found it on level 9 of the Dungeon)

   It has a curse which improves the following skills: Introspection: Fighting
   and Spellcasting.
   Beguiling: Conjurations, Hexes and Translocations.
Jewellery
 i - a ring of protection from fire
 o - a ring of flight
 s - the cursed ring "Profound Burden" (left hand) {rC+, Cun, Melee}
   (You found it on level 3 of the Dungeon)

   [ring of protection from cold]

   rC+:       It protects you from cold.
   It has a curse which improves the following skills: Cunning: Dodging and
   Stealth.
   Melee Combat: Short Blades, Long Blades, Axes, Maces & Flails, Polearms,
   Staves and Unarmed Combat.
 x - a +6 ring of dexterity
 D - a ring of ice
 G - the cursed amulet "Shattered Together" (around neck) {Regen+, Elem, Melee}
   (You found it on level 6 of the Dungeon)

   [amulet of regeneration]

   Regen+:    It increases your rate of health regeneration.
   It has a curse which improves the following skills: Elements: Fire Magic, Ice
   Magic, Air Magic and Earth Magic.
   Melee Combat: Short Blades, Long Blades, Axes, Maces & Flails, Polearms,
   Staves and Unarmed Combat.
 L - an amulet of reflection
 P - a ring of wizardry
 U - the amulet of Elemental Vulnerability {rPois rF-- rC-- AC+8}
   (You found it on level 11 of the Dungeon)

   [amulet of nothing]

   AC+8:      It affects your AC (+8).
   rF--:      It makes you very vulnerable to fire.
   rC--:      It makes you very vulnerable to cold.
   rPois:     It protects you from poison
 Z - the cursed ring of the Astral Augur (right hand) {EV+5, Cun, Comp}
   (You found it on level 3 of the Lair of Beasts)

   [ring of evasion]

   EV+5:      It affects your evasion (+5).
   It has a curse which improves the following skills: Cunning: Dodging and
   Stealth.
   Companions: Summonings and Necromancy.
Talismans
 N - a beast talisman
Wands
 b - a wand of mindburst (11)
 v - a wand of charming (16)
 E - a wand of flame (4)
Scrolls
 d - 3 scrolls of amnesia
 f - 11 scrolls of teleportation
 g - 4 scrolls of fog
 q - 2 scrolls of fear
 B - 8 scrolls of immolation
 H - a scroll of blinking
 I - a scroll of poison
 O - 4 scrolls of vulnerability
 S - 9 scrolls of identify
 V - a scroll of enchant weapon
 Y - a scroll of silence
Potions
 h - 6 potions of curing
 k - a potion of haste
 n - 4 potions of mutation
 p - 3 potions of enlightenment
 A - 13 potions of ambrosia
 C - 4 potions of attraction
 R - 3 potions of resistance
Miscellaneous
 c - a phial of floods (inert)
 e - a lightning rod (4/4)


   Skills:
 + Level 12.9(16.4) Fighting
 - Level 5.9(10.5) Short Blades
 - Level 5.9(10.5) Maces & Flails
 + Level 11.7(16.4) Dodging
 + Level 12.7(17.4) Stealth
 - Level 8.0 Shields
 + Level 11.7(15.3) Spellcasting
 - Level 1.6(4.7) Conjurations
 - Level 5.0(9.4) Hexes
 - Level 6.8(9.3) Summonings
 - Level 2.5(6.1) Translocations
 - Level 8.9(14.6) Ice Magic
 - Level 1.7(5.4) Air Magic
 - Level 1.2(4.4) Earth Magic


You had 18 spell levels left.
You knew the following spells:

 Your Spells              Type           Power      Damage    Failure   Level
a - Freeze                Ice            100%       1d10      0%          1
b - Frozen Ramparts       Ice            100%       1d16      1%          3
c - Ozocubu's Armour      Ice            73%        N/A       1%          3
d - Summon Ice Beast      Ice/Summ       66%        N/A       1%          4
e - Summon Guardian Gole  Hex/Summ       59%        N/A       1%          3
f - Stone Arrow           Conj/Erth      80%        3d12      1%          3
g - Blink                 Tloc           94%        N/A       1%          2
h - Mephitic Cloud        Conj/Pois/Air  34%        N/A       3%          3
i - Freezing Cloud        Conj/Ice/Air   27%        6-21      4%          5

Your spell library contained the following spells:

 Spells                   Type           Power      Damage    Failure   Level
 Apportation              Tloc           94%        N/A       1%          1
 Magic Dart               Conj           100%       1d8       1%          1
 Sandblast                Erth           78%        2d17      1%          1
 Summon Small Mammal      Summ           100%       N/A       1%          1
 Call Imp                 Summ           100%       N/A       1%          2
 Lesser Beckoning         Tloc           94%        N/A       1%          2
 Momentum Strike          Conj/Tloc      88%        3d10      1%          2
 Poisonous Vapours        Pois/Air       62%        N/A       1%          2
 Dazzling Flash           Conj/Hex       100%       N/A       1%          3
 Passwall                 Tmut/Erth      23%        N/A       2%          2
 Necrotise                Necr           76%        1d7       3%          1
 Manifold Assault         Tloc           47%        N/A       3%          4
 Sublimation of Blood     Necr           19%        N/A       5%          2
 Silence                  Hex/Air        26%        N/A       5%          5
 Brom's Barrelling Bould  Conj/Erth      40%        2d6       6%          4
 Vampiric Draining        Necr           19%        2d7       11%         3
 Petrify                  Tmut/Erth      28%        N/A       17%         4
 Irradiate                Conj/Tmut      14%        3d16      41%         5
 Dispersal                Tloc           23%        N/A       45%         6
 Agony                    Necr           19%        N/A       71%         5
 Spellforged Servitor     Conj/Summ      25%        N/A       89%         7
 Orb of Destruction       Conj           20%        9d8       99%         7
 Disjunction              Tloc           23%        N/A       100%        8


Dungeon Overview and Level Annotations

Branches:
Dungeon (15/15)            Temple (1/1) D:4            Lair (5/5) D:11
  Swamp (0/4) Lair:3       Spider (3/4) Lair:3        Slime (0/5) Lair:4
    Orc (2/2) D:10            Elf (1/3) Orc:2        Vaults (0/5) D:13
 Depths (0/4) D:15          Sewer (visited)

Altars:
Ashenzari
Cheibriados
Dithmenos
Fedhas
Gozag
Hepliaklqana
Kikubaaqudgha
Makhleb
Nemelex Xobeh
Okawaru
Qazlal
Ru
Sif Muna
Trog
Uskayaw
Vehumet
Wu Jian
Xom
Yredelemnul
Jiyva

Shops:
D:4 *   Orc:2 (:[*   Elf:1 ?

Annotations:
D:4 3 runed translucent doors, Stellion's ghost, novice DECj
D:6 Jeremiah
D:9 need digging
D:10 1 runed translucent door, pokeman's ghost, journeyman DEHW
Lair:2 1 runed translucent door, Shayle's ghost, journeyman TeHs
Lair:5 exclusion: obsidian statue
Spider:3 Louise
Orc:1 needs digging


Innate Abilities, Weirdness & Mutations

A demonic guardian rushes to your aid.
You regenerate magic rapidly.
Your movements are less encumbered by armour. (ER -4)
You have a sharp stinger which inflicts weakening toxins.


Message History

You feel your power leaking away.
The ghost moth struggles against the net.
The net rips apart, and the ghost moth comes free!
The emperor scorpion is engulfed in freezing vapours.
Louise is engulfed in blazing flames.
The ghost moth stares at you.
The ghost moth hits you but does no damage. x2
The ghost moth barely misses you.
The emperor scorpion is engulfed in freezing vapours.
Throw: 2 throwing nets
Press: ? - help, Q - select action, (/) - cycle Shift-Dir - straight line, f/p - Louise
Aim: Louise, wielding a +2 eveningstar of protection, wearing a +0 plate armour and wearing a +0 tower shield (freezing vapour, silenced, severely wounded, 81% to hit)
Okay, then.
Throw: 2 throwing nets
Press: ? - help, Q - select action, (/) - cycle Shift-Dir - straight line, f/p - Louise
Aim: Louise, wielding a +2 eveningstar of protection, wearing a +0 plate armour and wearing a +0 tower shield (freezing vapour, silenced, severely wounded, 81% to hit)
You throw a throwing net.
Louise blocks the throwing net.
Louise is engulfed in freezing vapours.
The ghost moth hits you!
* * * LOW HITPOINT WARNING * * *
A demonic guardian appears!
The ghost moth completely misses you. The ghost moth stings you!
* * * LOW HITPOINT WARNING * * *
Okay, then.
Okay, then.
Aiming: Charm
Press: ? - help, Shift-Dir - straight line, f - ghost moth, p - Louise
Aim: a ghost moth (silenced, lightly wounded, slightly transparent, unaffected by silence, chance to affect: 1%)
Okay, then.
Aiming: Mindburst
Press: ? - help, Shift-Dir - straight line, f - ghost moth, p - Louise
Aim: a ghost moth (silenced, lightly wounded, slightly transparent, unaffected by silence, chance to affect: 6%)
Okay, then.
You are confused.
You feel invigorated.
Your sixfirhy closely misses the emperor scorpion.
Your sixfirhy hits the emperor scorpion!
Your sixfirhy shocks the emperor scorpion!
Louise is engulfed in freezing vapours.
Louise hits you with a +2 eveningstar of protection!
You die...

,,,,,,***,,,,,***
,,,,,##....,,,**,*
,.####....,,,,,,**,*,
,<^.......,,,,,**,,,*
,,,^......,^^,**,,,**
,,,,#....######.,,,*
,,,,#....>......,^**
,,,,#..^!.......,,*
,,,,#..y@####,,,,,*
,,,*#.#3@...##,,∆**
,*,*,,#.s§.§<#,^,*
,*,*,,#§§☼.§^#****
^***,,##○|###.#,*
^,,**,,#○§.,*#.#**
,,,,**,##...**##,***
,,,,,**,#....,,*,,,*
,,,,,,**#.....,,,,**


You could see an emperor scorpion (distracted, ally target), Louise, a ghost
moth (invisible, unsilenced) and a friendly sixfirhy (summoned).

Vanquished Creatures
  Nikola (Elf:1)
  Kirke (D:14)
  An emperor scorpion (Spider:2)
  Aizul (Spider:1)
  A broodmother (Spider:2)
  2 very ugly things (D:15)
  An orc warlord (Orc:1)
  Nessos (Lair:4)
  An ironbound thunderhulk (D:13)
  A deep elf annihilator (Elf:1)
  Snorg (D:10)
  A spark wasp (Spider:2)
  Harold (D:9)
  A great orb of eyes (D:15)
  A hydra (Lair:5)
  2 boulder beetles
  A jorogumo (Spider:2)
  Erica (D:11)
  4 centaur warriors
  3 radroaches
  2 two-headed ogres
  A dancing weapon (Elf:1)
  3 demonic crawlers
  6 orc high priests
  6 death yaks
  Urug (D:13)
  Nergalle (Lair:3)
  A skyshark (Lair:2)
  3 deep elf knights (Elf:1)
  2 spectral death yaks (Lair:5)
  Lodul (D:11)
  A spectral anaconda (Lair:5)
  A sun moth (Spider:1)
  3 orb spiders
  A glowing orange brain (shapeshifter) (D:15)
  A deep elf archer (Elf:1)
  A lindwurm (Lair:5)
  2 necromancers
  10 ugly things
  3 steelbarb worms
  4 cyclopes
  7 deep elf pyromancers
  5 orc sorcerers
  6 wolf spider zombies (Spider:1)
  3 orc knights (Orc:1)
  5 deep elf zephyrmancers (Elf:1)
  5 wolf spiders (Spider:1)
  2 black mambas
  14 elephants
  Maurice (Orc:1)
  4 cane toads
  3 gargoyles
  An eye of devastation (shapeshifter) (D:15)
  3 torpor snails
  An unseen horror (D:12)
  2 kobold demonologists
  10 redback zombies (Spider:1)
  7 komodo dragons
  A freezing wraith (D:15)
  An efreet (D:13)
  5 trolls
  2 meliai
  A queen bee (Spider:2)
  14 tarantellas
  5 culicivora zombies (Spider:1)
  3 polar bears
  12 blink frogs
  A raiju (shapeshifter) (D:13)
  3 tarantella zombies (Spider:1)
  10 jumping spiders
  Sigmund (D:4)
  6 slime creatures
  A shadow (D:10)
  4 wyverns
  8 culicivoras
  3 hogs (D:14)
  A human (D:14)
  A wraith (D:11)
  35 yaks
  3 basilisks
  A steam dragon (D:9)
  22 redbacks
  A vampire mosquito (D:10)
  2 wargs
  A spectral cane toad (Lair:5)
  An acid dragon (D:10)
  16 water moccasins
  An ice beast (D:5)
  A sky beast (D:7)
  26 orc warriors
  4 black bears
  2 elephant zombies (Lair:5)
  15 ogres
  10 wolves
  2 phantoms
  11 bullfrogs
  3 kobold brigands
  A scorpion (D:7)
  An earth elemental (Elf:1)
  A gnoll sergeant (D:9)
  35 killer bees
  An electric eel (D:15)
  4 howler monkeys
  2 hounds
  2 jellies (D:5)
  Crazy Yiuf (D:3)
  2 iguanas
  16 orc priests
  2 sleepcaps (D:8)
  25 orc wizards
  2 hell rats (Lair:5)
  9 adders
  7 gnolls
  3 river rats (Lair:5)
  2 white imps
  A dart slug (D:2)
  48 orcs
  4 ball pythons (D:3)
  6 endoplasms
  4 giant cockroaches
  12 goblins
  3 hobgoblins
  4 jackals (D:2)
  4 quokkas
  12 bats
  A frilled lizard (D:1)
  21 kobolds
  9 rats
645 creatures vanquished.

Vanquished Creatures (collateral kills)
  2 dire elephants (Lair:5)
  Fannar (Lair:1)
  A vault guard (D:13)
  2 two-headed ogres
  A boulder beetle (D:13)
  A dancing weapon (Elf:1)
  A death yak (Lair:5)
  A demonic crawler (Spider:2)
  A pharaoh ant (Spider:2)
  3 skeletal warriors (D:14)
  2 necromancers (Lair:5)
  2 ugly things
  A deep elf zephyrmancer (Elf:1)
  A deep elf pyromancer (D:13)
  A wolf spider (Spider:2)
  A cyclops (D:11)
  A manticore (D:11)
  4 elephants
  A cane toad (Lair:1)
  A redback zombie (Spider:1)
  4 meliai
  A troll (D:14)
  A tarantella zombie (Spider:1)
  4 blink frogs
  2 culicivoras (Spider:1)
  2 jumping spiders (Spider:1)
  A wraith (D:11)
  A basilisk (Lair:1)
  A redback (Spider:1)
  7 yaks
  A water moccasin (Lair:1)
  An elephant zombie (Lair:5)
  5 orc warriors
  2 centaurs
  2 gnoll sergeants
  5 killer bees
  An orc priest (Orc:1)
  A hell rat (Lair:5)
  4 gnolls
  A river rat (Lair:5)
  A worm (D:3)
  7 orcs
  A kobold (D:12)
  3 rats (Lair:5)
88 creatures vanquished.

Vanquished Creatures (others)
  Arachne (Spider:3)
  A hydra (Lair:5)
  A vault guard (D:13)
  A boulder beetle (D:12)
  A centaur warrior (D:12)
  A death yak (Lair:2)
  A kobold demonologist (D:12)
  A troll (D:13)
  A tarantella zombie (Spider:1)
  A culicivora zombie (Spider:1)
  2 slime creatures (D:9)
  2 humans (D:13)
  2 acid dragons (D:12)
  A water moccasin (Lair:2)
  An orc warrior (Orc:2)
  A hell rat (Lair:5)
  A gnoll (D:12)
  An orc (Orc:2)
21 creatures vanquished.

Grand Total: 754 creatures vanquished

Notes
Turn   | Place    | Note
-------+----------+-------------------------------------------
     0 | D:1      | croobank the Demonspawn Ice Elementalist began the quest
                  | for the Orb.
     0 | D:1      | Reached XP level 1. HP: 13/13 MP: 3/3
   460 | D:1      | Gained mutation: A weak demonic guardian rushes to your
                  | aid. [demonic ancestry]
   460 | D:1      | Reached XP level 2. HP: 14/19 MP: 1/5
  1223 | D:2      | Reached XP level 3. HP: 23/24 MP: 3/6
  1232 | D:2      | Learned a level 3 spell: Frozen Ramparts
  1972 | D:3      | Found a runed translucent door.
  1973 | D:3      | Noticed Crazy Yiuf
  1980 | D:3      | Killed Crazy Yiuf
  1981 | D:3      | Gained mutation: You have a small tail. [demonic ancestry]
  1981 | D:3      | Reached XP level 4. HP: 8/30 MP: 0/8
  2298 | D:3      | Found a glowing drain.
  2313 | Sewer    | Entered a sewer
  2418 | Sewer    | Noticed a water moccasin
  2429 | Sewer    | Killed a water moccasin
  2430 | Sewer    | Reached skill level 1 in Fighting
  2430 | Sewer    | Reached XP level 5. HP: 16/38 MP: 1/9
  2740 | Sewer    | Identified the +10 long sword of the Evening {holy, rElec}
  2794 | D:3      | Learned a level 3 spell: Ozocubu's Armour
  3069 | D:4      | Found the +7 staff of the Meek {protect, meekguard}
  3079 | D:4      | Found a staircase to the Ecumenical Temple.
  3132 | D:4      | Noticed Sigmund
  3145 | D:4      | Gained mutation: You have a tail ending in a sharp stinger.
                  | [demonic ancestry]
  3145 | D:4      | Reached XP level 6. HP: 40/44 MP: 3/10
  3152 | D:4      | Killed Sigmund
  3489 | D:4      | Found a sparkling altar of Nemelex Xobeh.
  3628 | D:4      | Found a runed translucent gate.
  3628 | D:4      | Found a runed translucent gate.
  3628 | D:4      | Found a runed translucent gate.
  3630 | D:4      | Noticed Stellion's ghost (novice DECj)
  3778 | D:4      | Gained mutation: You have a sharp stinger which inflicts
                  | weakening toxins. [demonic ancestry]
  3778 | D:4      | Reached XP level 7. HP: 52/52 MP: 8/12
  4000 | D:4      | Found Zijew's General Store.
  4008 | D:4      | Bought a scroll of identify for 20 gold pieces
  4008 | D:4      | Bought a +2 pair of boots of stealth for 215 gold pieces
  4272 | Temple   | Entered the Ecumenical Temple
  4354 | D:5      | Entered Level 5 of the Dungeon
  4439 | D:5      | Found an ornate altar of the Wu Jian Council.
  4658 | D:5      | Reached skill level 5 in Ice Magic
  4907 | D:5      | Found a basalt altar of Yredelemnul.
  4918 | D:5      | Gained mutation: Your movements are slightly less
                  | encumbered by armour. (ER -2) [demonic ancestry]
  4918 | D:5      | Reached XP level 8. HP: 61/61 MP: 3/14
  5609 | D:6      | Found a shadowy altar of Dithmenos.
  5633 | D:6      | Noticed Jeremiah
  5715 | D:6      | Learned a level 4 spell: Summon Ice Beast
  5765 | D:6      | Reached skill level 5 in Fighting
  6634 | D:7      | Reached skill level 1 in Summonings
  6782 | D:7      | Reached skill level 1 in Maces & Flails
  6977 | D:7      | Reached skill level 5 in Stealth
  7482 | D:7      | Found a hazy altar of Hepliaklqana.
  7493 | D:7      | Reached XP level 9. HP: 63/68 MP: 10/16
  7861 | D:8      | Noticed a gargoyle
  7880 | D:8      | Killed a gargoyle
  8085 | D:8      | Reached skill level 5 in Spellcasting
  8589 | D:8      | Reached skill level 5 in Dodging
  9422 | D:9      | Noticed a two-headed ogre
  9441 | D:9      | Killed a two-headed ogre
  9653 | D:9      | Noticed Harold
  9673 | D:9      | Killed Harold
  9674 | D:9      | Gained mutation: Your movements are less encumbered by
                  | armour. (ER -4) [demonic ancestry]
  9674 | D:9      | Reached XP level 10. HP: 34/77 MP: 5/18
  9984 | D:9      | Found a radiant altar of Vehumet.
 10011 | D:9      | Found a broken altar of Ashenzari.
 10016 | D:9      | Became a worshipper of Ashenzari the Shackled
 10128 | D:4      | Bought a potion of attraction for 30 gold pieces
 10128 | D:4      | Bought a scroll of enchant armour for 75 gold pieces
 10652 | D:9      | Learned a level 3 spell: Summon Guardian Golem
 11171 | D:10     | Entered Level 10 of the Dungeon
 11293 | D:10     | Found a large runed translucent door.
 11296 | D:10     | Found a large runed translucent door.
 11305 | D:10     | Found a snail-covered altar of Cheibriados.
 11305 | D:10     | Noticed a boulder beetle
 11344 | D:10     | Killed a boulder beetle
 11345 | D:10     | Reached skill level 1 in Shields
 11345 | D:10     | Reached skill level 1 in Hexes
 11487 | D:10     | Found a runed translucent door.
 11496 | D:10     | Noticed pokeman's ghost (journeyman DEHW)
 11497 | D:10     | Identified the +0 trident of Doom {holy, Stlth+}
 11533 | D:10     | Learned a level 3 spell: Stone Arrow
 11762 | D:10     | Found a shimmering blue altar of Sif Muna.
 11832 | D:10     | Noticed Snorg
 11846 | D:10     | Killed Snorg
 11847 | D:10     | Gained mutation: A demonic guardian rushes to your aid.
                  | [demonic ancestry]
 11847 | D:10     | Reached XP level 11. HP: 40/84 MP: 2/20
 12082 | D:10     | Found a staircase to the Orcish Mines.
 12166 | D:10     | Reached skill level 5 in Summonings
 12334 | D:10     | Found a burning altar of Makhleb.
 12334 | D:10     | Noticed an Executioner
 12683 | D:11     | Noticed Erica
 12696 | D:11     | Killed Erica
 13006 | D:11     | Noticed a two-headed ogre
 13015 | D:11     | Killed a two-headed ogre
 13060 | D:11     | Reached skill level 5 in Maces & Flails
 13235 | D:11     | Noticed Lodul
 13246 | D:11     | Killed Lodul
 13393 | D:11     | Identified the +9 dagger of Impermanence {freeze, Stlth+}
 13806 | D:11     | Found the amulet of Elemental Vulnerability {rPois rF--
                  | rC-- AC+8}
 13845 | D:11     | Found a staircase to the Lair.
 13953 | D:11     | Reached * piety under Ashenzari
 14321 | D:12     | Noticed a centaur warrior
 14328 | D:12     | Killed a centaur warrior
 14333 | D:12     | Noticed a two-headed ogre
 14340 | D:12     | Killed a two-headed ogre
 14526 | D:12     | Reached XP level 12. HP: 63/92 MP: 7/22
 15122 | D:12     | Reached ** piety under Ashenzari
 15141 | D:12     | Noticed a boulder beetle
 15167 | D:12     | Killed a boulder beetle
 15292 | D:12     | Noticed a boulder beetle
 15314 | D:12     | Killed a boulder beetle
 15743 | D:13     | Noticed Urug
 15763 | D:13     | Killed Urug
 15844 | D:13     | Reached skill level 5 in Shields
 15958 | D:13     | Noticed a boulder beetle
 15974 | D:13     | Killed a boulder beetle
 16665 | D:13     | Noticed a vault guard
 16667 | D:13     | Noticed an ironbound thunderhulk
 16678 | D:13     | Killed an ironbound thunderhulk
 16678 | D:13     | Killed a vault guard
 16680 | D:13     | Noticed a vault guard
 16692 | D:13     | Found a gate to the Vaults.
 16698 | D:13     | Killed a vault guard
 16985 | D:14     | Noticed a centaur warrior
 17003 | D:14     | Killed a centaur warrior
 17301 | Lair:1   | Entered Level 1 of the Lair of Beasts
 17311 | Lair:1   | Reached *** piety under Ashenzari
 17327 | Lair:1   | Reached skill level 1 in Short Blades
 17569 | Lair:1   | Noticed Fannar
 17596 | Lair:1   | Killed Fannar
 17597 | Lair:1   | Reached XP level 13. HP: 77/103 MP: 16/26
 18900 | Lair:2   | Found a runed translucent door.
 18938 | Lair:2   | Noticed Shayle's ghost (journeyman TeHs)
 19121 | Lair:2   | Reached skill level 1 in Conjurations
 19121 | Lair:2   | Reached skill level 5 in Hexes
 19121 | Lair:2   | Reached skill level 1 in Earth Magic
 19408 | Lair:2   | You fall into a shaft and drop 2 floors!
 19412 | Lair:4   | Noticed Nessos
 19419 | Lair:4   | Killed Nessos
 19421 | Lair:4   | Reached **** piety under Ashenzari
 19502 | Lair:3   | Noticed Nergalle
 19525 | Lair:3   | Killed Nergalle
 19729 | Lair:3   | Learned a level 2 spell: Blink
 19941 | Lair:3   | Found a staircase to the Swamp.
 20208 | Lair:3   | Found a hole to the Spider Nest.
 20268 | Lair:3   | Reached ***** piety under Ashenzari
 20837 | Lair:4   | Reached skill level 1 in Translocations
 21159 | Lair:4   | Found a viscous altar of Jiyva.
 21159 | Lair:4   | Found a staircase to the Slime Pits.
 21428 | Lair:5   | Identified the "Nemefoam"
 21428 | Lair:5   | Entered Level 5 of the Lair of Beasts
 21592 | Lair:5   | Reached XP level 14. HP: 116/116 MP: 29/29
 21981 | Lair:5   | Reached skill level 5 in Short Blades
 22091 | Lair:5   | Identified the +3 dire flail "Fayhongogg" {flame, +Blink
                  | rPois rCorr}
 22899 | Lair:5   | Reached skill level 1 in Air Magic
 23942 | Lair:5   | Reached skill level 10 in Fighting
 24275 | D:10     | Learned a level 3 spell: Mephitic Cloud
 24281 | D:10     | Learned a level 5 spell: Freezing Cloud
 24282 | Orc:1    | Entered Level 1 of the Orcish Mines
 24737 | Orc:2    | Entered Level 2 of the Orcish Mines
 25060 | Orc:2    | Noticed an orc warlord
 25538 | D:14     | Noticed Kirke
 25546 | D:14     | Identified the +6 battleaxe of Generosity {speed, rF+ Int-4
                  | SInv}
 25568 | D:14     | Reached skill level 10 in Stealth
 25601 | D:14     | Killed Kirke
 26496 | D:14     | Identified the +11 trident "Aczi" {speed, Stlth+}
 26827 | D:15     | Entered Level 15 of the Dungeon
 26850 | D:15     | Noticed a red very ugly thing
 26853 | D:15     | Noticed a cyan very ugly thing
 26862 | D:15     | Killed a red very ugly thing
 26874 | D:15     | Killed a green very ugly thing
 26926 | D:15     | Identified the cursed +2 pair of gloves "Revealing
                  | Stickiness" {Elem, Range} (You found it on level 2 of the
                  | Dungeon)
 26926 | D:15     | Identified the cursed +0 steam dragon scales "Yoke of
                  | Ashenzari" {Self, Bglg} (You found it on level 9 of the
                  | Dungeon)
 26943 | D:15     | Reached XP level 15. HP: 120/125 MP: 22/31
 27123 | D:15     | Found a staircase to the Depths.
 29107 | Orc:2    | Reached skill level 10 in Spellcasting
 29175 | Orc:2    | Reached skill level 10 in Dodging
 29203 | Orc:1    | Noticed Maurice
 29322 | Orc:1    | Killed Maurice
 29716 | Orc:2    | Found a staircase to the Elven Halls.
 29748 | Orc:2    | Found Nang's Book Shoppe.
 29799 | Orc:2    | Found Paoruaked's Antique Armour Shoppe.
 30004 | Orc:2    | Bought a hat for 104 gold pieces
 30072 | Orc:2    | Found Keelukoq's Antique Weapon Shoppe.
 30270 | Orc:2    | Found Rofum's General Store.
 30506 | Orc:2    | Reached ****** piety under Ashenzari
 30525 | Crypt:2  | Identified the "Domoig"
 30525 | Depths:1 | Identified the "Myarae"
 30525 | Depths:1 | Identified the "Umodghom"
 30525 | Elf:1    | Identified the of Heakk
 30525 | Elf:1    | Identified the of Zamionaa
 30525 | Elf:1    | Entered Level 1 of the Elven Halls
 30635 | Elf:1    | Found Taur's Magic Scroll Shoppe.
 30837 | Elf:1    | Noticed Nikola
 30920 | Elf:1    | Killed Nikola
 31844 | Spider:1 | Entered Level 1 of the Spider Nest
 32671 | Spider:2 | Gained mutation: You regenerate magic rapidly. [demonic
                  | ancestry]
 32671 | Spider:2 | Reached XP level 16. HP: 122/137 MP: 24/34
 32879 | Spider:1 | Identified the serpent talisman "Guskurost" {rN+ Str+2}
 32879 | Spider:1 | Noticed Aizul
 32897 | Spider:1 | Killed Aizul
 35087 | Spider:3 | Noticed Arachne
 35090 | Spider:3 | Noticed Louise
 35101 | Spider:3 | Killed Arachne
 35107 | Spider:3 | HP: 2/139 [ghost moth (10)]
 35108 | Spider:3 | Mangled by Louise

Illustrated notes

Levels and vault maps discovered:
D:1:      nagdon_arrival_double_spiral, layout_loops_corners
D:2:      layout_rooms
D:3:      layout_rooms, gup_sewer_entry_bowl, minmay_fractal_squares_gapless_5,
          uniq_crazy_yiuf_cottage
D:4:      layout_loops_ring, mainiacjoe_overflow_tiny_flanked, temple_hall,
          serial_shops, nicolae_shop_peninsula, gammafunk_ghost_nasty_kobolds,
          uniq_sigmund
D:5:      nicolae_BIG_FREAKIN_CUBE, layout_rooms,
          mainiacjoe_overflow_concentric_impassable, nzn_wu_jian_council_hall
D:6:      layout_basic, grunt_dithmenos_smoke_and_mirrors, uniq_jeremiah
D:7:      layout_basic, lemuel_tele_altar, lemuel_crystal_altar, enter_bailey_5,
          grunt_decor_arrowhead
D:8:      layout_loops_corners
D:9:      layout_basic, nicolae_vehumet_radiance,
          mainiacjoe_overflow_six_doors_small, serial_glass, glass_columns_a,
          glass_columns_a, due_unseen_surprise, feat_on_display, uniq_harold
D:10:     layout_roguey, tgw_sif, jmf_multi_god_temple2,
          makhleb_altar_promises_db, orc_0_dummy, ebering_ghost_funeral_grove,
          minmay_misc_feat_tiny, uniq_snorg
D:11:     layout_rooms, lair_entry_dummy, tso_altar, uniq_lodul, uniq_erica
D:12:     layout_irregular_city, nzn_sisyphean_effort
D:13:     layout_basic, hellmonk_vaults_keyhole, uniq_urug
D:14:     layout_stronghold, uniq_kirke
D:15:     gammafunk_enter_depths_forms, layout_cave_pools, minivault_4
Temple:   chequers_temple_sunken
Lair:1:   layout_chaotic_city, minivault_25, uniq_fannar
Lair:2:   layout_long_grid, ebering_ghost_inner_flame, columned_hall_lemuel,
          grunt_megastairs_5
Lair:3:   layout_chaotic_city, swamp_mist, dummy_spider_entry, uniq_nergalle
Lair:4:   layout_long_grid, dpeg_slime_entry_enclosed, uniq_nessos
Lair:5:   due_jungle_book, layout_gridlike, minivault_24,
          kennysheep_abandoned_house, infiniplex_staircase_pool_2
Spider:1: lemuel_spider_zombies, uniq_aizul
Spider:2: layout_cave_pods, special_room [special_room_bee]
Spider:3: layout_spider_delve, uniq_arachne, uniq_louise
Orc:1:    minmay_goldmine, layout_caves, uniq_maurice
Orc:2:    grunt_orc_gardens, layout_diamond_mine, grunt_orc_garden,
          grunt_orc_garden, grunt_orc_garden, grunt_orc_garden
Elf:1:    nicolae_elf_arrival_no_cutting_in_line, layout_geoelf_diagonals,
          serial_shops, shop, minmay_elf_necromancy, minmay_shoptagon,
          uniq_nikola

Skill      XL: |  1  2  3  4  5  6  7  8  9 10 11 12 13 14 15 16 |
---------------+-------------------------------------------------+-----
Stealth        | 2 3 4 5 6 7 8 9 10 11 12 | 12.7
Dodging        | 2 3 4 5 6 7 8 9 10 11 | 11.7
Ice Magic      | 4 5 6 7 8 |  8.9
Fighting       | 1 2 3 4 5 6 7 8 9 10 12 | 12.9
Spellcasting   | 3 4 5 6 7 8 9 11 | 11.7
Summonings     | 2 3 4 5 6 |  6.8
Maces & Flails | 1 3 4 5 |  5.9
Shields        | 1 4 6 7 8 |  8.0
Hexes          | 1 3 4 5 |  5.0
Short Blades   | 1 4 5 |  5.9
Conjurations   | 1 |  1.6
Earth Magic    | 1 |  1.2
Translocations | 1 2 |  2.5
Air Magic      | 1 |  1.7

Action                     |  1- 3 |  4- 6 |  7- 9 | 10-12 | 13-15 | 16-18 || total
---------------------------+-------+-------+-------+-------+-------+-------++-------
  Melee: Short sword       |    34 |    26 |       |       |       |       ||    60
         Tailslap          |       |     7 |     9 |    55 |   295 |    68 ||   434
         Quarterstaff      |       |    17 |    58 |    17 |       |       ||    92
         Eveningstar       |       |       |       |    62 |       |       ||    62
         Dagger            |       |       |       |   179 |  1325 |   304 ||  1808
         Punch             |       |       |       |     3 |       |       ||     3
  Throw: Throwing net      |       |       |       |       |       |     3 ||     3
   Cast: Freeze            |    33 |    11 |    60 |    47 |    10 |     3 ||   164
         Frozen Ramparts   |     9 |    17 |    44 |    45 |    99 |    23 ||   237
         Ozocubu's Armour  |       |     2 |    35 |    48 |    97 |    18 ||   200
         Summon Ice Beast  |       |       |     8 |    33 |    57 |    10 ||   108
         Summon Guardian G |       |       |       |    23 |    19 |     2 ||    44
         Stone Arrow       |       |       |       |    22 |    22 |       ||    44
         Mephitic Cloud    |       |       |       |       |    58 |    33 ||    91
         Freezing Cloud    |       |       |       |       |    28 |    17 ||    45
         Blink             |       |       |       |       |     4 |       ||     4
 Invoke: Curse Item        |       |       |       |     4 |     5 |       ||     9
  Evoke: Wand              |       |       |     8 |    21 |    22 |     2 ||    53
         Phial of floods   |       |       |       |       |     1 |     1 ||     2
    Use: Potion            |     1 |     1 |     4 |     5 |     8 |     5 ||    24
         Scroll            |       |     6 |    14 |     7 |     6 |     1 ||    34
   Stab: Sleeping          |       |     5 |     2 |     2 |    24 |       ||    33
         Invisible         |       |       |       |     1 |     1 |       ||     2
         Confused          |       |       |       |       |    14 |    20 ||    34
         Distracted        |       |       |       |       |     2 |     2 ||     4
 Armour: Robe              |    22 |    32 |    65 |       |       |       ||   119
         Steam dragon scal |       |       |    21 |   312 |   533 |   136 ||  1002
         Skin              |       |       |     6 |       |    17 |       ||    23
  Dodge: Dodged            |    29 |    34 |    96 |   249 |   874 |   308 ||  1590
  Block: Buckler           |       |       |       |    36 |   287 |    85 ||   408
         Form:             |       |       |       |     1 |       |       ||     1
         Beast             |       |       |       |     1 |       |       ||     1

Table legend: (Time is in decaauts)
 A = Elapsed time spent in this place.
 B = Non-inter-level travel time spent in this place.
 C = Inter-level travel time spent in this place.
 D = Time resting spent in this place.
 E = Time spent auto-exploring this place.
 F = Levels seen in this place.
 G = Mean time per level.
                   A        B        C        D        E       F      G
               +--------+--------+--------+--------+--------+-----+--------+
         Total |  34470 |  32630 |   1840 |   7721 |  18378 |  28 | 1231.1 |
       Dungeon |  19458 |  18142 |   1316 |   3835 |  11443 |  15 | 1297.2 |
        Temple |      1 |      0 |      1 |      0 |      0 |   1 |    1.0 |
          Lair |   6820 |   6470 |    350 |    903 |   3948 |   5 | 1364.0 |
   Spider Nest |   3010 |   2953 |     57 |    587 |   1394 |   3 | 1003.3 |
  Orcish Mines |   3662 |   3548 |    114 |   1687 |   1201 |   2 | 1831.0 |
   Elven Halls |   1065 |   1065 |      0 |    416 |    290 |   1 | 1065.0 |
         Sewer |    450 |    450 |      0 |    292 |    101 |   1 |  450.0 |
               +--------+--------+--------+--------+--------+-----+--------+

Top non-repeatable levels by time:
   Orc:1: 2581 daAuts
  Lair:5: 2363 daAuts
    D:11: 1869 daAuts
     D:9: 1763 daAuts
Spider:1: 1594 daAuts
    D:14: 1583 daAuts
     D:8: 1536 daAuts
     D:4: 1533 daAuts
    D:12: 1476 daAuts
    D:13: 1465 daAuts
     D:7: 1405 daAuts
    D:10: 1396 daAuts
Spider:2: 1392 daAuts
  Lair:1: 1256 daAuts
  Lair:4: 1171 daAuts
